 Dungeon Crawl Stone Soup version 0.31-a0-187-gba352fbbf7 (webtiles) character file.

Game seed: 17231611279473354157

567 BubbleThief the Tainter (level 7, -8/55 HPs)
             Began as a Naga Venom Mage on June 22, 2023.
             Mangled by an ice beast (10 damage)
             ... on level 4 of the Dungeon.
             The game lasted 00:08:01 (3747 turns).

BubbleThief the Tainter (Naga Venom Mage)           Turns: 3747, Time: 00:08:01

Health: -8/55      AC:  5    Str: 10    XL:     7   Next: 33%
Magic:  14/14      EV: 10    Int: 18    God:
Gold:   184        SH:  0    Dex: 17    Spells: 8/16 levels left

rFire   . . .        q - +2 dagger (vamp)
rCold   . . .        (no shield)
rNeg    . . .        a - +0 robe
rPois   +            k - +1 hat
rElec   .            (no cloak)
rCorr   .            p - +0 pair of gloves
SInv    +            (no barding)
Will    .....        (no amulet)
Stlth   ++           f - +6 ring of dexterity
HPRegen 0.29/turn    (no ring)
MPRegen 0.14/turn

%: no passive effects
@: very slow
A: AC +2, large, see invisible, deformed body, poison resistance, slowness 2,
spit poison 1, naga tail 1
a: Spit Poison


You were on level 4 of the Dungeon.
You visited 1 branch of the dungeon, and saw 4 of its levels.

You collected 184 gold pieces.

Inventory:

Hand Weapons
 g - a +0 short sword
 q - a +2 vampiric dagger (weapon)
Armour
 a - a +0 robe (worn)
 k - a +1 hat (worn)
 p - a +0 pair of gloves (worn)
Jewellery
 f - a +6 ring of dexterity (left hand)
Wands
 t - a wand of acid (3)
Scrolls
 d - a scroll of brand weapon {unknown}
 h - 8 scrolls of identify {unknown}
 i - 2 scrolls of noise {unknown}
 j - a scroll of fog {unknown}
 l - 3 scrolls of vulnerability {unknown}
 o - 4 scrolls of poison {unknown}
 r - 3 scrolls of teleportation {unknown}
 s - 2 scrolls of enchant armour {unknown}
 u - 2 scrolls of torment {unknown}
Potions
 b - a potion of magic
 c - 4 potions of curing {unknown}
 e - a potion of haste {unknown}
 m - a potion of ambrosia {unknown}
 n - a potion of invisibility
 v - a potion of brilliance {unknown}


   Skills:
 + Level 0.1 Fighting
 - Level 1.5 Dodging
 - Level 3.0 Stealth
 + Level 5.2 Spellcasting
 - Level 1.0 Transmutations
 - Level 8.1 Poison Magic


You had 8 spell levels left.
You knew the following spells:

 Your Spells              Type           Power      Damage    Failure   Level
a - Sting                 Tmut/Pois      84%        1d7       1%          1
b - Mephitic Cloud        Conj/Pois/Air  14%        N/A       13%         3
c - Olgreb's Toxic Radia  Pois           34%        N/A       4%          4

Your spell library contained the following spells:

 Spells                   Type           Power      Damage    Failure   Level
 Poisonous Vapours        Pois/Air       38%        N/A       3%          2


Dungeon Overview and Level Annotations

Branches:
Dungeon (4/15)
 Temple: D:4-7

Altars:
Ru


Innate Abilities, Weirdness & Mutations

Your serpentine skin is tough. (AC +2)
You have supernaturally acute eyesight. (SInv)
Armour fits poorly on your strangely shaped body.
Your system is resistant to poisons. (rPois)
You cover ground very slowly.
You can spit poison.
You have a snake-like lower body.


Message History

The ice beast is heavily wounded.
The ice beast hits you but does no damage.
You closely miss the ice beast.
The ice beast is heavily wounded.
The ice beast hits you but does no damage.
You barely miss the ice beast.
The ice beast is heavily wounded.
The ice beast barely misses you.
You hit the ice beast but do no damage.
The ice beast is heavily wounded.
The ice beast hits you. The ice beast freezes you!
* * * LOW HITPOINT WARNING * * *
You hit the ice beast but do no damage.
The ice beast is heavily wounded.
The ice beast hits you but does no damage.
Aiming: Corrosive Bolt
Press: ? - help, Shift-Dir - straight line, f/p - ice beast
Aim: an ice beast (heavily wounded, 71% to hit)
You can't see any item there.
The bolt of acid misses the ice beast.
The ice beast hits you.
* * * LOW HITPOINT WARNING * * *
The ice beast freezes you!
* * * LOW HITPOINT WARNING * * *
Unknown command.
Aiming: Corrosive Bolt
Press: ? - help, Shift-Dir - straight line, f/p - ice beast
Aim: an ice beast (heavily wounded, 71% to hit)
The bolt of acid misses the ice beast.
The ice beast hits you but does no damage.
Unknown command.
Unknown command.
Aiming: Corrosive Bolt
Press: ? - help, Shift-Dir - straight line, f/p - ice beast
Aim: an ice beast (heavily wounded, 71% to hit)
The bolt of acid hits the ice beast!
The acid corrodes the ice beast!
The ice beast is almost dead.
The ice beast hits you.
* * * LOW HITPOINT WARNING * * *
The ice beast freezes you!
You die...

#...#.[...#......#
##..##...[##...###
#...##...[##...###
######........['>...#..
#....##........#....#..
#.... #..##....##...#..
#....##..##....##...#..
#....#....#.........#..
#....Y@...#....##...###
#....##..##....####'##.
#.... #..##....##......
#$... ....#............
#.... ....+ ...........
#.... ...## [..####'###
#........# #+###...###
#.... ..# ..........#
..........+


You could see an ice beast (corroded).

Vanquished Creatures
  A sky beast (D:4)
  3 hounds (D:4)
  2 orc priests (D:4)
  Jessica (D:3)
  2 iguanas (D:4)
  5 orc wizards
  2 adders
  An ufetubus (D:4)
  3 worms (D:2)
  6 dart slugs
  11 orcs
  3 bats (D:2)
  8 endoplasms
  3 giant cockroaches
  8 goblins
  3 hobgoblins
  8 kobolds
  4 quokkas
  3 ball pythons
  3 frilled lizards
  9 rats
89 creatures vanquished.

Notes
Turn   | Place    | Note
-------+----------+-------------------------------------------
     0 | D:1      | BubbleThief the Naga Venom Mage began the quest for the
                  | Orb.
     0 | D:1      | Reached XP level 1. HP: 15/15 MP: 3/3
   172 | D:1      | Reached XP level 2. HP: 22/22 MP: 3/5
   745 | D:2      | Reached XP level 3. HP: 28/28 MP: 6/6
   996 | D:2      | Reached skill level 5 in Poison Magic
  1672 | D:3      | Reached XP level 4. HP: 33/36 MP: 4/8
  1676 | D:3      | Learned a level 3 spell: Mephitic Cloud
  1681 | D:3      | Learned a level 4 spell: Olgreb's Toxic Radiance
  2077 | D:3      | Noticed Jessica
  2081 | D:3      | Killed Jessica
  2305 | D:3      | Reached skill level 6 in Poison Magic
  2305 | D:3      | Reached XP level 5. HP: 42/42 MP: 3/10
  2389 | D:3      | Found a sacrificial altar of Ru.
  3012 | D:4      | Reached XP level 6. HP: 28/49 MP: 2/12
  3200 | D:4      | Reached skill level 7 in Poison Magic
  3258 | D:4      | Noticed a sky beast
  3263 | D:4      | Killed a sky beast
  3547 | D:4      | Reached skill level 5 in Spellcasting
  3547 | D:4      | Reached XP level 7. HP: 55/55 MP: 4/14
  3654 | D:4      | Reached skill level 8 in Poison Magic
  3747 | D:4      | HP: 2/55 [ice beast (2)]
  3747 | D:4      | Mangled by an ice beast

Illustrated notes

Levels and vault maps discovered:
D:1:      mrwooster_arrival_statue, layout_rooms
D:2:      layout_loops_ring
D:3:      minmay_spotlight, layout_basic, mainiacjoe_overflow_brackets,
          minmay_fountain_box, kennysheep_jessica_study
D:4:      layout_gridville

Skill      XL: |  1  2  3  4  5  6  7 |
---------------+----------------------+-----
Poison Magic   | 5 6 7 8 |  8.1
Spellcasting   | 3 4 5 |  5.2
Fighting       | |  0.1
Dodging        | |  1.5
Stealth        | |  3.0
Transmutations | |  1.0

Action                     |  1- 3 |  4- 6 |  7- 9 || total
---------------------------+-------+-------+-------++-------
  Melee: Unarmed           |     1 |       |       ||     1
         Short sword       |    11 |     3 |       ||    14
         Dagger            |       |    19 |    20 ||    39
   Cast: Sting             |    49 |    50 |       ||    99
         Olgreb's Toxic Ra |       |     6 |     2 ||     8
         Mephitic Cloud    |       |     3 |       ||     3
Ability: Spit Poison       |    42 |    29 |       ||    71
  Evoke: Wand              |       |       |     4 ||     4
 Armour: Robe              |     7 |    15 |     9 ||    31
  Dodge: Dodged            |    32 |    33 |    14 ||    79

Table legend: (Time is in decaauts)
 A = Elapsed time spent in this place.
 B = Non-inter-level travel time spent in this place.
 C = Inter-level travel time spent in this place.
 D = Time resting spent in this place.
 E = Time spent auto-exploring this place.
 F = Levels seen in this place.
 G = Mean time per level.
                   A        B        C        D        E       F      G
               +--------+--------+--------+--------+--------+-----+--------+
         Total |   4685 |   4517 |    168 |     61 |   3747 |   4 | 1171.2 |
       Dungeon |   4685 |   4517 |    168 |     61 |   3747 |   4 | 1171.2 |
               +--------+--------+--------+--------+--------+-----+--------+

Top non-repeatable levels by time:
     D:3: 1673 daAuts
     D:2: 1219 daAuts
     D:4: 924 daAuts
     D:1: 868 daAuts
